 Dungeon Crawl Stone Soup version 0.21.1-1-g345015f (webtiles) character file.

97 inmateoo the Chiller (level 4, -2/30 HPs)
             Began as a Merfolk Ice Elementalist on Feb 11, 2018.
             Shot with a stone by a goblin (6 damage)
             ... on level 3 of the Dungeon.
             The game lasted 00:03:18 (2360 turns).

inmateoo the Chiller (Merfolk Ice Elementalist)     Turns: 2360, Time: 00:03:18

Health: -2/30      AC:  3    Str:  8    XL:     4   Next: 68%
Magic:  3/7        EV: 13    Int: 17    God:
Gold:   127        SH:  0    Dex: 14    Spells: 1/7 levels left

rFire    . . .     SeeInvis .   w - +0 whip (drain)
rCold    . . .     Gourm    .   (no shield)
rNeg     . . .     Faith    .   a - +0 robe
rPois    +         Spirit   .   r - +0 helmet
rElec    .         Reflect  .   (no cloak)
rCorr    .         Harm     .   (no gloves)
MR       .....                  (no boots)
Stlth    ++........             (no amulet)
HPRegen  0.10/turn              d - +2 ring of intelligence
MPRegen  0.10/turn              i - ring of poison resistance

@: drained
A: change form in water, swift swim, stealthy swim
a: no special abilities


You were on level 3 of the Dungeon.
You were hungry.

You visited 1 branch of the dungeon, and saw 3 of its levels.

You collected 127 gold pieces.

Inventory:

Hand Weapons
 w - a +0 whip of draining (weapon)
Missiles
 e - 2 javelins (quivered)
Armour
 a - a +0 robe (worn)
 r - a +0 helmet (worn)
Jewellery
 d - a +2 ring of intelligence (left hand)
 i - a ring of poison resistance (right hand)
Scrolls
 f - a scroll of remove curse {unknown}
 h - a scroll of fog {unknown}
 j - 2 scrolls of enchant weapon {unknown}
 l - 2 scrolls of amnesia {unknown}
 n - a scroll of enchant armour {unknown}
 o - a scroll of teleportation {unknown}
 q - 4 scrolls of identify {unknown}
 u - a scroll of magic mapping {unknown}
 v - a scroll of blinking {unknown}
Potions
 k - a potion of berserk rage {unknown}
 p - 2 potions of curing {unknown}
 s - a potion of agility {unknown}
 t - 2 potions of flight {unknown}
Books
 b - a book of Frost

   Spells                             Type                      Level
   a - Freeze                         Ice                          1
   b - Throw Frost                    Conjuration/Ice              2
   c - Ozocubu's Armour               Charms/Ice                   3
   d - Throw Icicle                   Conjuration/Ice              4
   e - Summon Ice Beast               Ice/Summoning                4
Comestibles
 c - 10 rations
 g - 2 chunks of flesh


   Skills:
 - Level 2.6(2.5) Dodging
 - Level 2.1(2.0) Stealth
 - Level 2.0(1.8) Spellcasting
 - Level 0.7(0.5) Conjurations
 + Level 5.8(5.6) Ice Magic


You had one spell level left.
You knew the following spells:

 Your Spells              Type           Power        Failure   Level  Hunger
a - Freeze                Ice            ###.         1%          1    #......
b - Throw Frost           Conj/Ice       ##....       9%          2    ###....
c - Ozocubu's Armour      Chrm/Ice       ##......     19%         3    ###....


Dungeon Overview and Level Annotations

Branches:
Dungeon (3/15)

Altars:

Annotations:
D:3 Ijyb


Message History

The goblin shoots a stone.
The stone barely misses you.
You hit the worm. You drain the worm!
The worm is severely wounded.
The goblin shoots a stone.
The stone hits you. The worm bites you!
* * * LOW HITPOINT WARNING * * *
You hear a shout!
You hit the worm.
The worm is severely wounded.
The goblin shoots a stone.
The stone closely misses you. The worm bites you.
* * * LOW HITPOINT WARNING * * *
Casting: Freeze
Confirm with . or Enter, or press ? or * to list all spells.
Aiming: Freeze
Press: ? - help, Shift-Dir - straight line, f/p - worm
Aim: a worm (severely wounded, lightly drained)
You freeze the worm.
The worm is almost dead.
You are feeling hungry.
The goblin shoots a stone.
The stone hits you.
You die...

.................#
....############.# .....# #.#
.....# #.# .....# ####.####
...### #.......# ...# #.##.##.#
##.# # #w##.# .#
#@##.############ .#
#.##.g.(...w.....
#.####.#........#
##.g(....g.......#
##############...##.###.8.....8#
#.............)g## ## #..g....#
#.#############.## #8.....8#
#.## ##.#.#####.#..g....# .#.##
#.###.....)#8.....8#


You could see a worm and 2 goblins.

Vanquished Creatures
  Jessica (D:2)
  An ooze (D:2)
  3 dart slugs
  3 leopard geckos
  4 orcs (D:3)
  2 giant cockroaches
  14 goblins
  3 jackals (D:3)
  A quokka (D:2)
  2 ball pythons (D:1)
  3 bats
  8 frilled lizards
  3 kobolds
  3 rats
51 creatures vanquished.

Notes
Turn   | Place    | Note
-------+----------+-------------------------------------------
     0 | D:1      | inmateoo the Merfolk Ice Elementalist began the quest for the Orb.
     0 | D:1      | Reached XP level 1. HP: 13/13 MP: 3/3
   367 | D:1      | Reached XP level 2. HP: 19/19 MP: 3/5
   369 | D:1      | Reached skill level 4 in Ice Magic
   954 | D:2      | Reached XP level 3. HP: 24/24 MP: 4/6
   958 | D:2      | Learned a level 2 spell: Throw Frost
   962 | D:2      | Learned a level 3 spell: Ozocubu's Armour
   990 | D:2      | Noticed Jessica
   995 | D:2      | Killed Jessica
   995 | D:2      | Reached skill level 5 in Ice Magic
  1196 | D:2      | Reached XP level 4. HP: 30/30 MP: 3/7
  2319 | D:3      | Noticed Ijyb
  2360 | D:3      | Shot with a stone by a goblin

Skill      XL: |  1  2  3 |
---------------+----------+-----
Ice Magic      | 4 5 |  5.8
Dodging        | |  2.6
Stealth        | |  2.1
Spellcasting   | |  2.0
Conjurations   | |  0.7

Action                   |  1- 3 |  4- 6 || total
-------------------------+-------+-------++-------
Melee: Unarmed           |     3 |       ||     3
       Club              |     2 |       ||     2
       Dagger            |    10 |     6 ||    16
       Whip              |       |     6 ||     6
Throw: Javelin           |     2 |       ||     2
 Cast: Freeze            |    30 |    42 ||    72
 Stab: Sleeping          |     2 |     1 ||     3
  Eat: Chunk             |     1 |     4 ||     5
Armor: Robe              |     3 |     5 ||     8
Dodge: Dodged            |    20 |    29 ||    49
